 Dungeon Crawl Stone Soup version 0.25.0-26-g0c896c7088 (webtiles) character file.

Game seed: 13849648106365456324

6031 EWolf27 the Thaumaturge (level 10, 0/53 HPs)
             Began as a Gargoyle Earth Elementalist on July 5, 2020.
             Was a Priest of Vehumet.
             Blown up by Maurice (29 damage)
             ... with a disintegration bolt
             ... on level 10 of the Dungeon.
             The game lasted 00:59:14 (14131 turns).

EWolf27 the Thaumaturge (GrEE)                     Turns: 14131, Time: 00:59:14

Health: 0/53       AC: 12    Str: 13    XL:     10   Next: 86%
Magic:  13/24      EV: 28    Int: 20    God:    Vehumet [***...]
Gold:   488        SH:  0    Dex: 10    Spells: 18/29 levels left

rFire    . . .     SeeInvis .   a - +0 quarterstaff (speed)
rCold    . . .     Gourm    .   (shield currently unavailable)
rNeg     + . .     Faith    .   o - +0 leather armour "Dojoxoap" {Int+2 Stlth+}
rPois    ∞         Spirit   .   (no helmet)
rElec    +         Reflect  .   (no cloak)
rCorr    .         Harm     .   e - +1 pair of gloves
MR       .....                  (no boots)
Stlth    ++++......             B - amulet of the acrobat
HPRegen  0.17/turn              m - ring of stealth
MPRegen  0.19/turn              s - ring of flight

@: acrobat
A: negative energy resistance 1, electricity resistance, unbreathing,
petrification resistance, rot immunity, AC +7
a: Renounce Religion, Evoke Flight


You were on level 10 of the Dungeon.
You worshipped Vehumet.
Vehumet was most pleased with you.
You were not hungry.

You visited 2 branches of the dungeon, and saw 11 of its levels.

You collected 488 gold pieces.

Inventory:

Hand Weapons
 a - a +0 quarterstaff of speed (weapon)
Missiles
 b - 340 stones
 j - 22 curare-tipped darts (quivered)
Armour
 e - a +1 pair of gloves (worn)
 o - the +0 leather armour "Dojoxoap" (worn) {Int+2 Stlth+}
   (You found it on level 4 of the Dungeon)

   It affects your intelligence (+2).
   It makes you more stealthy.
 v - a +1 robe of magic resistance
Jewellery
 m - a ring of stealth (left hand)
 s - a ring of flight (right hand)
 B - an amulet of the acrobat (around neck)
Wands
 k - a wand of flame (18)
 n - a wand of disintegration (9)
 z - a wand of iceblast (12)
 C - a wand of clouds (3)
Scrolls
 c - a scroll of fear
 f - 6 scrolls of remove curse
 r - 8 scrolls of teleportation
 t - a scroll of magic mapping
 x - a scroll of fog
 y - 2 scrolls of enchant armour
 E - 2 scrolls of identify
 F - 3 scrolls of blinking {unknown}
Potions
 g - 4 potions of resistance
 h - 3 potions of magic
 i - 2 potions of haste
 l - 3 potions of ambrosia
 p - 2 potions of might
 u - 2 potions of brilliance
 A - a potion of mutation {unknown}
Comestibles
 d - 21 rations
 q - 9 chunks of flesh


   Skills:
 - Level 2.0 Fighting
 - Level 3.1 Staves
 * Level 4.9 Dodging
 - Level 5.0 Stealth
 + Level 10.1 Spellcasting
 - Level 5.0 Conjurations
   Level 0.7 Transmutations
 + Level 9.7 Earth Magic


You had 18 spell levels left.
You knew the following spells:

 Your Spells              Type           Power        Failure   Level  Hunger
a - Sandblast             Erth           #####.       1%          1    None
b - Stone Arrow           Conj/Erth      #####.       1%          3    None
c - Lee's Rapid Deconstr  Erth           #####.....   1%          5    ####...
d - Magic Dart            Conj           ####         1%          1    None
e - Freeze                Ice            ##..         2%          1    None

Your spell library contained the following spells:

 Spells                   Type           Power        Failure   Level  Hunger
 Conjure Flame            Conj/Fire      ###.....     2%          3    None
 Passwall                 Tmut/Erth      ####....     1%          2    None
 Petrify                  Tmut/Erth      ####....     11%         4    ##.....
 Confusing Touch          Hex            ##......     26%         3    None
 Gell's Gravitas          Tloc           ##........   26%         3    None
 Yara's Violent Unravell  Hex/Tmut       ##........   45%         5    ####...
 Metabolic Englaciation   Hex/Ice        ##........   94%         5    ####...


Dungeon Overview and Level Annotations

Branches:
Dungeon (10/15)            Temple (1/1) D:4            Lair (0/6) D:8
    Orc (0/2) D:10

Altars:
Ashenzari
Fedhas
Gozag
Makhleb
Qazlal
Trog
Uskayaw
Vehumet
Xom
Yredelemnul
The Shining One

Shops:
D:9 =   D:10 [

Annotations:
D:9 2 runed translucent doors
D:10 Maurice


Innate Abilities, Weirdness & Mutations

You are resistant to torment.
Your stone body is resilient. (AC +7)
You are immune to poison.
You resist negative energy. (rN+)
You are resistant to electric shocks. (rElec)
You can survive without breathing.
You are immune to petrification.
You are immune to rotting.


Message History

Press: ? - help, Shift-Dir - straight line, f - Maurice
Aim: Maurice, wielding a +0 dagger, wearing a +0 cloak and carrying a wand of disintegration (5) (heavily wounded, covering ground quickly)
The stone arrow hits Maurice!
Maurice is heavily wounded.
Maurice casts a spell.
Maurice flickers and vanishes!
Deactivating autopickup; reactivate with Ctrl-A.
You hear a zap.
You are blasted!
You hear a zap.
Something tries to affect you, but you resist.
You hear a zap.
You are blasted!
Things that are here:
a +0 mace; a +0 leather armour; an orc skeleton Something drops a +0 dagger.
Something picks up a +0 mace.
You hear a zap.
You are blasted!
Ouch! That really hurt!
You die...

[...[..# #.##..##...##..........
[..##..# #.##..##...##..#.......
...##†.# #.##..##...##.)#.......
...##..# #.##..##...##.)#...@.o.
)..##..# #.##..##...##..#.......
...##.[# #.##..##...##).#.......
...##.[####.##..##.......#.......
...##.[.....##[.##....÷..#.......
...##.<.........@........#
..#####.###...#.....###..# .##
#####...##....# #..# ##.8
.###.....##...# #..# '...
..'.......#...# #..# #..#
..#..#.#..#...# #..# # # #
#.##.##.#...# #..# #
#.#)[.#.#...# #..# #.
.#.#.[)#.#...# #..#


There were no monsters in sight!

Vanquished Creatures
  Erica (D:8)
  Joseph (D:8)
  A troll (D:9)
  A hippogriff (D:9)
  Sigmund (D:2)
  3 yaks (D:9)
  3 orc warriors
  2 ice beasts
  A sky beast (D:9)
  2 phantoms
  A black bear (D:9)
  3 ogres
  3 centaurs
  3 bullfrogs
  A big kobold (D:8)
  A wyvern skeleton (D:9)
  2 scorpions (D:5)
  9 killer bees
  10 wights
  2 jellies
  8 howler monkeys
  2 bullfrog zombies
  2 crimson imps (D:7)
  An orc priest (D:10)
  6 hounds
  A bullfrog skeleton (D:4)
  An iron imp (D:7)
  Jessica (D:2)
  Terence (D:3)
  3 worker ants
  Natasha (thrice) (D:3)
  4 iguanas
  7 orc wizards
  3 gnolls (D:8)
  6 adders
  2 shadow imps
  3 oozes
  An adder skeleton (D:4)
  2 worms
  4 dart slugs
  5 leopard geckos
  33 orcs
  2 ball pythons
  6 bats
  7 giant cockroaches
  2 gnoll zombies (D:8)
  6 goblins
  9 hobgoblins
  21 jackals
  3 kobolds (D:1)
  5 quokkas
  11 frilled lizards
  A quokka zombie (D:5)
  9 rats
232 creatures vanquished.

Vanquished Creatures (others)
  A fungus (D:8)
1 creature vanquished.

Grand Total: 233 creatures vanquished

Notes
Turn   | Place    | Note
-------+----------+-------------------------------------------
     0 | D:1      | EWolf27 the Gargoyle Earth Elementalist began the quest for
                  | the Orb.
     0 | D:1      | Reached XP level 1. HP: 10/10 MP: 3/3
   333 | D:1      | Reached XP level 2. HP: 15/15 MP: 1/5
   520 | D:1      | Reached XP level 3. HP: 11/19 MP: 0/6
   742 | D:1      | Learned a level 3 spell: Stone Arrow
  1349 | D:2      | Noticed Sigmund
  1370 | D:2      | Killed Sigmund
  1370 | D:2      | Reached skill level 4 in Spellcasting
  1370 | D:2      | Reached skill level 5 in Earth Magic
  1370 | D:2      | Reached XP level 4. HP: 19/24 MP: 1/10
  1370 | D:2      | Reached XP level 5. HP: 22/28 MP: 1/11
  2058 | D:2      | Reached XP level 6. HP: 31/32 MP: 10/12
  2178 | D:2      | Learned a level 4 spell: Petrify
  2188 | D:2      | Found a burning altar of Makhleb.
  2192 | D:2      | Noticed Jessica
  2208 | D:2      | Killed Jessica
  3010 | D:3      | Noticed Terence
  3020 | D:3      | Killed Terence
  3137 | D:3      | Noticed Natasha
  3149 | D:3      | Killed Natasha
  3149 | D:3      | Reached skill level 1 in Fighting
  3434 | D:3      | Noticed Natasha
  3439 | D:3      | Killed Natasha
  3439 | D:3      | Reached XP level 7. HP: 37/38 MP: 12/14
  3497 | D:3      | Noticed Natasha
  3503 | D:3      | Killed Natasha
  3728 | D:3      | Found a stormy altar of Qazlal.
  4054 | D:4      | Found a staircase to the Ecumenical Temple.
  4059 | Temple   | Entered the Ecumenical Temple
  4072 | Temple   | Became a worshipper of Vehumet
  4102 | D:4      | Got a scorched leather armour
  4165 | D:4      | Identified the +0 leather armour "Dojoxoap" {Int+2 Stlth+}
                  | (You found it on level 4 of the Dungeon)
  4540 | D:4      | Reached skill level 5 in Spellcasting
  5307 | D:5      | Entered Level 5 of the Dungeon
  6279 | D:5      | Reached XP level 8. HP: 41/44 MP: 10/16
  7220 | D:6      | Reached * piety under Vehumet
  7220 | D:6      | Offered knowledge of Magic Dart by Vehumet.
  7223 | D:6      | Learned a level 1 spell: Magic Dart
  7593 | D:6      | Reached skill level 6 in Spellcasting
  7593 | D:6      | Reached skill level 1 in Conjurations
  9499 | D:7      | Reached XP level 9. HP: 46/48 MP: 15/18
  9508 | D:7      | Reached skill level 5 in Stealth
 10068 | D:8      | Found a staircase to the Lair.
 10091 | D:8      | Offered knowledge of Freeze by Vehumet.
 10106 | D:8      | Learned a level 1 spell: Freeze
 10113 | D:8      | Learned a level 5 spell: Lee's Rapid Deconstruction
 10211 | D:8      | Noticed Joseph
 10253 | D:8      | Reached ** piety under Vehumet
 10253 | D:8      | Reached skill level 7 in Spellcasting
 10397 | D:8      | Killed Joseph
 10397 | D:8      | Reached skill level 5 in Conjurations
 10932 | D:8      | Reached skill level 8 in Spellcasting
 10932 | D:8      | Noticed Erica
 11033 | D:8      | Killed Erica
 11033 | D:8      | Reached skill level 9 in Spellcasting
 11033 | D:8      | Reached XP level 10. HP: 38/53 MP: 12/23
 11275 | D:8      | Found a basalt altar of Yredelemnul.
 11813 | D:9      | Reached skill level 1 in Staves
 11825 | D:9      | Found Duku's Jewellery Shoppe.
 12214 | D:9      | Offered knowledge of Dazzling Flash by Vehumet.
 12390 | D:9      | Found a blossoming altar of Fedhas.
 12695 | D:9      | Reached *** piety under Vehumet
 12904 | D:9      | Found a runed translucent door.
 12915 | D:9      | Found a runed translucent door.
 13045 | D:10     | Entered Level 10 of the Dungeon
 13294 | D:9      | Reached skill level 10 in Spellcasting
 13465 | D:10     | Offered knowledge of Conjure Flame by Vehumet.
 13501 | D:10     | Found Lohuphe's Antique Armour Shop.
 13779 | D:10     | Found a staircase to the Orcish Mines.
 14096 | D:10     | Noticed Maurice
 14131 | D:10     | Blown up by Maurice

Illustrated notes

Levels and vault maps discovered:
D:1:      dpeg_arrival_arbitrary_b, layout_basic
D:2:      minmay_chambers_of_twos, layout_basic, makhleb_heckhound_becter,
          uniq_jessica, uniq_sigmund
D:3:      layout_loops_ring, chequers_serial_rivers_marsh,
          nicolae_qazlal_eye_of_the_storm, uniq_natasha, uniq_terence
D:4:      layout_cave_pods, temple_doors_cd, first_ration, lemuel_flame_loot_1
D:5:      layout_basic, bh_chokoban
D:6:      layout_rooms
D:7:      layout_basic, chei_slow_surprise
D:8:      layout_loops_cross, lemuel_zombie_altar_yredelemnul,
          dpeg_oklobed_lair, blue_anna_alchemist [blue_anna_fruit_fields,
          blue_anna_fruit_fields], uniq_joseph, uniq_erica
D:9:      lemuel_insect_pit, layout_basic, serial_shops, shop,
          fedhas_bush_and_centaur_altar
D:10:     layout_long_grid, david_orc_1_choice, serial_shops, shop, uniq_maurice
Temple:   nicolae_temple_the_god_donut

Skill      XL: |  1  2  3  4  5  6  7  8  9 10 |
---------------+-------------------------------+-----
Earth Magic    | 4 5 6 7 8 9 |  9.7
Spellcasting   | 4 5 6 9 10 | 10.1
Fighting       | 1 2 |  2.0
Dodging        | 2 3 4 |  4.9
Stealth        | 4 5 |  5.0
Conjurations   | 3 5 |  5.0
Staves         | 3 |  3.1
Transmutations | |  0.7

Action                   |  1- 3 |  4- 6 |  7- 9 | 10-12 || total
-------------------------+-------+-------+-------+-------++-------
Melee: Short sword       |    35 |       |       |       ||    35
       Mace              |    25 |   141 |   267 |       ||   433
       Quarterstaff      |       |       |     2 |   147 ||   149
Throw: Dart              |       |       |     9 |       ||     9
 Cast: Sandblast         |    30 |    24 |    90 |    34 ||   178
       Stone Arrow       |       |       |    22 |    58 ||    80
       Magic Dart        |       |       |    10 |    23 ||    33
       Lee's Rapid Decon |       |       |       |     5 ||     5
  Use: Scroll            |       |       |    22 |     4 ||    26
       Potion            |       |       |       |     1 ||     1
 Stab: Sleeping          |     2 |     1 |    10 |     6 ||    19
  Eat: Chunk             |     2 |     5 |    12 |     4 ||    23
       Ration            |       |     1 |     3 |     2 ||     6
Armor: Leather armour    |    30 |    70 |   177 |    81 ||   358
Dodge: Dodged            |    43 |   118 |   214 |   154 ||   529
